 Dungeon Crawl Stone Soup version 0.30-a0-1114-gd936c97349 (webtiles) character file.

Game seed: 8692754940562833637

243 lorenzova the Conjurer (level 5, -6/28 HPs)
             Began as a Deep Elf Conjurer on Apr 20, 2023.
             Engulfed by a steam dragon's steam (13 damage)
             ... on level 4 of the Dungeon.
             The game lasted 00:07:08 (3660 turns).

lorenzova the Conjurer (Deep Elf Conjurer)          Turns: 3660, Time: 00:07:08

Health: -6/28      AC:  4    Str:  4    XL:     5   Next: 82%
Magic:  10/15      EV: 12    Int: 25    God:
Gold:   117        SH:  0    Dex: 13    Spells: 13/16 levels left

rFire   . . .      SeeInvis .    h - +1 dagger (freeze)
rCold   . . .      Faith    .    (no shield)
rNeg    . . .      Spirit   .    a - +0 robe
rPois   .          Reflect  .    (no helmet)
rElec   .          Rampage  .    (no cloak)
rCorr   .                        (no gloves)
Will    .....                    v - +1 pair of boots {Stlth+}
Stlth   +++                      r - amulet of magic regeneration
HPRegen 0.24/turn                (no ring)
MPRegen 0.54/turn                (no ring)

@: no status effects
A: no striking features
a: no special abilities


You were on level 4 of the Dungeon.
You visited 1 branch of the dungeon, and saw 4 of its levels.

You collected 182 gold pieces.
You spent 65 gold pieces at shops.

Inventory:

Hand Weapons
 h - a +1 dagger of freezing (weapon)
Armour
 a - a +0 robe (worn)
 v - a +1 pair of boots of stealth (worn)
Magical Staves
 p - a staff of cold
Jewellery
 r - an amulet of magic regeneration (around neck)
Wands
 x - a wand of flame (24)
Scrolls
 d - a scroll of immolation
 e - 2 scrolls of blinking {unknown}
 f - a scroll of enchant armour
 g - a scroll of teleportation {unknown}
 j - a scroll of fear {unknown}
 k - a scroll of brand weapon {unknown}
 q - a scroll of noise {unknown}
 s - a scroll of amnesia {unknown}
 u - a scroll of fog {unknown}
 w - a scroll of torment {unknown}
 y - a scroll of magic mapping {unknown}
Potions
 b - 2 potions of magic
 c - a potion of lignification {unknown}
 i - 2 potions of haste
 l - a potion of degeneration {unknown}
 m - a potion of berserk rage {unknown}
 n - 2 potions of curing
 o - a potion of might {unknown}
 t - a potion of heal wounds


   Skills:
 - Level 2.4 Dodging
 - Level 2.4 Stealth
 + Level 6.2 Spellcasting
 + Level 6.3 Conjurations


You had 13 spell levels left.
You knew the following spells:

 Your Spells              Type           Power      Damage    Failure   Level
a - Magic Dart            Conj           100%       1d8       1%          1
b - Searing Ray           Conj           78%        2d7       1%          2

Your spell library contained the following spells:

 Spells                   Type           Power      Damage    Failure   Level
 Dazzling Flash           Conj/Hex       46%        N/A       6%          3
 Fulminant Prism          Conj/Hex       11%        3d8       21%         4
 Iskenderun's Mystic Bla  Conj/Tloc      23%        2d6       21%         4


Dungeon Overview and Level Annotations

Branches:
Dungeon (4/15)
 Temple: D:4-7

Altars:

Shops:
D:3 =!

Annotations:
D:3 exclusion: downstairs


Message History

y - a scroll labelled PAKKIT JUEFEB You now have 117 gold pieces (gained 12).
Found a stone staircase leading down.
There is a stone staircase leading down here.
An orc and an orc priest come into view.
The orc shouts!
You hear a shout!
A steam dragon comes into view.
The orc moves out of view.
The orc priest moves out of view.
You start waiting.
An orc is nearby!
Casting: Magic Dart (safe; 1% risk of failure)
Confirm with . or Enter, or press ? or * to list all spells.
Aiming: Searing Ray (safe; 1% risk of failure)
Press: ? - help, Shift-Dir - straight line, f - orc
Aim: an orc, wielding a +0 dagger (81% to hit)
The searing ray hits the orc!
You kill the orc! (Press . to maintain the ray.) Unknown command.
The searing ray hits the steam dragon!
The steam dragon is moderately wounded.
The searing ray misses the steam dragon.
The steam dragon breathes steam at you. The ball of steam hits you!
You hear a shout!
The searing ray hits the steam dragon!
The steam dragon is severely wounded.
You finish channelling your searing ray.
You are engulfed in a cloud of scalding steam.
* * * LOW HITPOINT WARNING * * *
Casting: Searing Ray (safe; 1% risk of failure)
Confirm with . or Enter, or press ? or * to list all spells.
Aiming: Searing Ray (safe; 1% risk of failure)
Press: ? - help, Shift-Dir - straight line, f - steam dragon
Aim: a steam dragon (steam, severely wounded, catching its breath, 81% to hit)
The searing ray hits the steam dragon.
The steam dragon is almost dead. (Press . to maintain the ray.)
You are engulfed in a cloud of scalding steam.
You die...

#####
#########...#
#..D@ยงยง...#.#
#)#######...# ..
##.### .D. #.#.##
..#
#.#####..#.####...
.
#.......###.......
#######..#.####...
#.#.## #.# #.###
#.#


You could see a steam dragon (catching breath).

Vanquished Creatures
  A jelly (D:3)
  Jessica (D:2)
  Natasha (thrice) (D:2)
  Terence (D:2)
  2 adders
  2 orcs
  4 ball pythons
  10 endoplasms
  4 giant cockroaches
  7 hobgoblins
  4 jackals (D:1)
  2 quokkas
  5 bats
  6 frilled lizards
  3 goblins
  9 kobolds
  7 rats
71 creatures vanquished.

Notes
Turn   | Place    | Note
-------+----------+-------------------------------------------
     0 | D:1      | lorenzova the Deep Elf Conjurer began the quest for the
                  | Orb.
     0 | D:1      | Reached XP level 1. HP: 10/10 MP: 6/6
   273 | D:1      | Found a faded altar of an unknown god.
   401 | D:1      | Reached XP level 2. HP: 15/15 MP: 4/8
   457 | D:1      | Learned a level 2 spell: Searing Ray
  1221 | D:1      | Reached skill level 5 in Conjurations
  1221 | D:1      | Reached XP level 3. HP: 19/19 MP: 8/10
  1483 | D:2      | Noticed Terence
  1491 | D:2      | Killed Terence
  1626 | D:2      | Noticed Natasha
  1629 | D:2      | Killed Natasha
  1630 | D:2      | Reached XP level 4. HP: 24/24 MP: 7/12
  1724 | D:2      | Noticed Natasha
  1728 | D:2      | Killed Natasha
  1729 | D:2      | Reached skill level 5 in Spellcasting
  1762 | D:2      | Noticed Natasha
  1765 | D:2      | Killed Natasha
  1775 | D:2      | Noticed Jessica
  1777 | D:2      | Killed Jessica
  1778 | D:2      | Reached XP level 5. HP: 28/28 MP: 9/15
  2351 | D:3      | Found Luast's Jewellery Emporium.
  2632 | D:3      | Identified the +3 spear "Paidim" {spect, SInv}
  2680 | D:3      | Found Saubef's Distillery.
  2783 | D:3      | Bought a potion of heal wounds for 65 gold pieces
  3302 | D:4      | Noticed an orc warrior
  3652 | D:4      | Noticed a steam dragon
  3660 | D:4      | Engulfed by a steam dragon's steam

Illustrated notes

Levels and vault maps discovered:
D:1:      dpeg_arrival_solitude, layout_basic,
          hellmonk_ecumenical_altar_inner_sanctum,
          chequers_serial_rivers_small_3, dreamdust_princess_corridor
D:2:      layout_basic, minmay_hexomino_p4, uniq_natasha, uniq_jessica,
          uniq_terence
D:3:      layout_basic, serial_shops, shop, shop_statue, minmay_vboxes
D:4:      layout_loops_ring

Skill      XL: |  1  2  3  4  5 |
---------------+----------------+-----
Spellcasting   | 4 5 6 |  6.2
Conjurations   | 5 6 |  6.3
Dodging        | |  2.4
Stealth        | |  2.4

Action                     |  1- 3 |  4- 6 || total
---------------------------+-------+-------++-------
   Cast: Magic Dart        |    58 |    76 ||   134
         Searing Ray       |     2 |     3 ||     5
    Use: Scroll            |       |     4 ||     4
 Armour: Robe              |     1 |       ||     1
  Dodge: Dodged            |     1 |     1 ||     2

Table legend: (Time is in decaauts)
 A = Elapsed time spent in this place.
 B = Non-inter-level travel time spent in this place.
 C = Inter-level travel time spent in this place.
 D = Time resting spent in this place.
 E = Time spent auto-exploring this place.
 F = Levels seen in this place.
 G = Mean time per level.
                   A        B        C        D        E       F      G
               +--------+--------+--------+--------+--------+-----+--------+
         Total |   3669 |   3583 |     86 |   1437 |   1787 |   4 |  917.2 |
       Dungeon |   3669 |   3583 |     86 |   1437 |   1787 |   4 |  917.2 |
               +--------+--------+--------+--------+--------+-----+--------+

Top non-repeatable levels by time:
     D:1: 1286 daAuts
     D:3: 1118 daAuts
     D:2: 949 daAuts
     D:4: 314 daAuts
